 Dungeon Crawl Stone Soup version 0.29-a0-283-ga02f740833 (webtiles) character file.

Game seed: 14131274782679510510

1560 chopper the Ruffian (level 8, -5/78 HPs)
             Began as a Troll Fighter on Mar 13, 2022.
             Slain by an unseen horror (10 damage)
             ... on level 6 of the Dungeon.
             The game lasted 00:44:05 (5591 turns).

chopper the Ruffian (Troll Fighter)                 Turns: 5591, Time: 00:44:05

Health: -5/78      AC:  5    Str: 25    XL:     8   Next: 58%
Magic:  7/7        EV: 10    Int:  4    God:
Gold:   335        SH:  8    Dex: 11    Spells: 7/7 levels left

rFire   + . .      SeeInvis .     - Unarmed
rCold   . . .      Faith    .   b - +0 kite shield
rNeg    + . .      Spirit   .   r - +1 robe {rN+}
rPois   .          Reflect  .   (helmet restricted)
rElec   .          Harm     .   (no cloak)
rCorr   .          Rampage  .   (gloves unavailable)
Will    .....                   (boots unavailable)
Stlth   ++........              (no amulet)
HPRegen 1.03/turn               (no ring)
MPRegen 0.10/turn               (no ring)

@: no status effects
A: large, unfitting armour, claws 3, regeneration 1, shaggy fur 1, tough skin 1,
fire resistance 1, screaming 1, noise suppression
a: no special abilities


You were on level 6 of the Dungeon.
You visited 1 branch of the dungeon, and saw 6 of its levels.

You collected 335 gold pieces.

Inventory:

Hand Weapons
 d - a +2 great sword of freezing
 i - a +4 dagger
 j - a +4 hunting sling of flaming
 q - a +4 vampiric dagger
Missiles
 g - 87 stones (quivered)
 p - 2 javelins
Armour
 b - a +0 kite shield (worn)
 h - an orb of mayhem
 m - a +0 barding
 r - a +1 robe of positive energy (worn)
Scrolls
 e - 10 scrolls of identify
 f - 2 scrolls of teleportation
 n - a scroll of immolation
Potions
 l - a potion of cancellation
 o - a potion of brilliance {unknown}


   Skills:
 + Level 4.1 Fighting
 + Level 0.4 Throwing
 * Level 5.1 Dodging
 + Level 1.4 Stealth
 + Level 4.6 Shields
 + Level 6.6 Unarmed Combat


You had 7 spell levels left.
You didn't know any spells.
Your spell library contained the following spells:

 Spells                   Type           Power      Damage    Failure   Level
 Animate Skeleton         Necr           0%         N/A       78%         1
 Pain                     Necr           0%         1d4       78%         1
 Scorch                   Fire           0%         2d5       89%         2
 Searing Ray              Conj           0%         2d4       89%         2
 Vampiric Draining        Necr           0%         2d6       98%         3
 Flame Wave               Conj/Fire      0%         2d4       100%        4
 Irradiate                Conj/Tmut      0%         3d13      100%        5
 Summon Cactus Giant      Summ           0%         N/A       100%        6


Dungeon Overview and Level Annotations

Branches:
Dungeon (6/15)
 Temple: D:4-7

Altars:
Elyvilon
Hepliaklqana

Shops:
D:3 (   D:5 !


Innate Abilities, Weirdness & Mutations

You are too large for most types of armour.
You have claws for hands.
Your natural rate of healing is unusually fast.
You are covered in fur. (AC +1)
You have tough skin. (AC +1)
Your flesh is heat resistant. (rF+)
You occasionally shout uncontrollably at your foes.
You passively dampen the noise of your surroundings.


Message History

* * * LOW HITPOINT WARNING * * *
Something hits you but does no damage. Something hits you but does no damage.
Found a potion of mutation and a scroll of identify.
Something hits you.
* * * LOW HITPOINT WARNING * * *
As you read the scroll of teleportation, it crumbles to dust.
You feel strangely unstable. You block something's attack. Something hits you!
* * * LOW HITPOINT WARNING * * *
You scratch something but do no damage.
Your surroundings suddenly seem different.
You scratch something but do no damage. Something hits you! Something hits you.
You block something's attack.
An ice beast comes into view.
Something hits you. Something hits you but does no damage. Something hits you.
Something hits you but does no damage. Something hits you!
Something hits you but does no damage. You block something's attack.
Something hits you but does no damage. You block the ice beast's attack.
The ice beast attacks as you move away! You block the ice beast's attack.
Something hits you. Something hits you but does no damage. Something hits you.
Something hits you!
* * * LOW HITPOINT WARNING * * *
Something hits you.
* * * LOW HITPOINT WARNING * * *
The ice beast attacks as you move away! The ice beast hits you.
* * * LOW HITPOINT WARNING * * *
The ice beast freezes you!
* * * LOW HITPOINT WARNING * * *
Something completely misses you. The ice beast attacks as you move away!
You block the ice beast's attack. Something hits you!
You die...

############ ##..........##
############............##
##........................###
##.........Y.@..<........<....
#.............................
#.[.......(...................
#.............................
#.............................
#.............................
##............####.#....#.....
##..........#####....####....
###)###...### $....#.# ##....


You could see an ice beast.

Vanquished Creatures
  Sigmund (D:5)
  Eustachio (D:5)
  A water moccasin (D:5)
  Duvessa (D:5)
  An ogre (D:6)
  A phantom (D:6)
  2 bullfrogs
  4 scorpions
  Dowan (D:5)
  2 orc priests
  A hound (D:5)
  A jelly (D:5)
  Natasha (D:3)
  4 iguanas
  Robin (D:3)
  7 gnolls (D:5)
  8 adders
  A shadow imp (D:6)
  An ufetubus (D:5)
  A worm (D:3)
  2 dart slugs
  12 orcs
  5 endoplasms
  3 giant cockroaches
  15 goblins
  4 hobgoblins
  4 quokkas
  7 ball pythons
  2 bats
  A kobold (D:1)
  4 rats
100 creatures vanquished.

Vanquished Creatures (others)
  2 plants (D:2)
2 creatures vanquished.

Grand Total: 102 creatures vanquished

Notes
Turn   | Place    | Note
-------+----------+-------------------------------------------
     0 | D:1      | chopper the Troll Fighter began the quest for the Orb.
     0 | D:1      | Reached XP level 1. HP: 22/22 MP: 0/0
   140 | D:1      | Found a faded altar of an unknown god.
   614 | D:1      | Reached XP level 2. HP: 29/29 MP: 1/1
   917 | D:2      | Reached XP level 3. HP: 36/36 MP: 2/2
  1077 | D:2      | Found a hazy altar of Hepliaklqana.
  1727 | D:3      | Found Yvoeclya's Weapon Shoppe.
  2360 | D:3      | Noticed Robin
  2389 | D:3      | Reached XP level 4. HP: 17/44 MP: 3/3
  2414 | D:3      | Noticed Natasha
  2425 | D:3      | Killed Natasha
  2571 | D:3      | Killed Robin
  2583 | D:3      | Reached XP level 5. HP: 53/53 MP: 4/4
  3003 | D:4      | Reached skill level 3 in Unarmed Combat
  3090 | D:4      | Gained mutation: Your flesh is heat resistant. (rF+)
                  | [potion of mutation]
  3090 | D:4      | Gained mutation: You passively dampen the noise of your
                  | surroundings. [potion of mutation]
  3090 | D:4      | Gained mutation: You occasionally shout uncontrollably at
                  | your foes. [potion of mutation]
  3203 | D:4      | Reached XP level 6. HP: 44/61 MP: 5/5
  3619 | D:4      | Got Vehumet's Tome of Arcane Weapons
  3675 | D:5      | Entered Level 5 of the Dungeon
  3675 | D:5      | Noticed Sigmund
  3697 | D:5      | Killed Sigmund
  3698 | D:5      | Reached skill level 4 in Unarmed Combat
  3733 | D:5      | Reached XP level 7. HP: 66/67 MP: 6/6
  4077 | D:5      | Noticed Eustachio
  4088 | D:5      | Reached skill level 5 in Unarmed Combat
  4096 | D:5      | Killed Eustachio
  4097 | D:5      | Reached skill level 1 in Stealth
  4225 | D:5      | Found a white marble altar of Elyvilon.
  4357 | D:5      | Found Ystisexola's Distillery.
  4846 | D:5      | Noticed Duvessa
  4846 | D:5      | Noticed Dowan
  4852 | D:5      | Killed Dowan
  4861 | D:5      | Killed Duvessa
  4862 | D:5      | Reached XP level 8. HP: 31/78 MP: 7/7
  5154 | D:5      | Reached skill level 6 in Unarmed Combat
  5492 | D:6      | Reached skill level 5 in Dodging
  5590 | D:6      | HP: 3/78 [ice beast (7)]
  5591 | D:6      | Slain by an unseen horror

Illustrated notes

Levels and vault maps discovered:
D:1:      lightli_iron_boxes, layout_loops_cross, ebering_ecumenical_altar_rust
D:2:      layout_loops_ring, basic_altar, minmay_shallow_snake_nest
D:3:      layout_loops_corners, serial_shops, shop, kennysheep_cluttered_room,
          uniq_natasha, uniq_crazy_yiuf_cottage, uniq_robin
D:4:      layout_rooms, chequers_avenue, wad_floor_pattern_2,
          minmay_misc_feat_enclosed, minivault_24, kennysheep_generic_room_10
D:5:      layout_basic, nicolae_elyvilon_peaceful_grove, portal_sewer_entry_b,
          serial_shops, shop, uniq_sigmund, uniq_duvessa, uniq_eustachio
D:6:      layout_rooms

Skill      XL: |  1  2  3  4  5  6  7  8 |
---------------+-------------------------+-----
Dodging        | 3 4 5 |  5.1
Fighting       | 3 4 |  4.1
Shields        | 3 4 |  4.6
Unarmed Combat | 3 4 5 6 |  6.6
Stealth        | 1 |  1.4
Throwing       | |  0.4

Action                   |  1- 3 |  4- 6 |  7- 9 || total
-------------------------+-------+-------+-------++-------
Melee: Unarmed           |   107 |    97 |   133 ||   337
Throw: Stone             |     5 |     7 |     3 ||    15
  Use: Scroll            |     3 |     4 |     2 ||     9
       Potion            |     3 |     4 |     3 ||    10
 Stab: Sleeping          |     1 |       |     1 ||     2
Armor: Robe              |    35 |    22 |    45 ||   102
Dodge: Dodged            |    44 |    49 |    49 ||   142
Block: Kite shield       |    41 |    46 |    73 ||   160

Table legend: (Time is in decaauts)
 A = Elapsed time spent in this place.
 B = Non-inter-level travel time spent in this place.
 C = Inter-level travel time spent in this place.
 D = Time resting spent in this place.
 E = Time spent auto-exploring this place.
 F = Levels seen in this place.
 G = Mean time per level.
                   A        B        C        D        E       F      G
               +--------+--------+--------+--------+--------+-----+--------+
         Total |   5607 |   5607 |      0 |      0 |      0 |   6 |  934.5 |
       Dungeon |   5607 |   5607 |      0 |      0 |      0 |   6 |  934.5 |
               +--------+--------+--------+--------+--------+-----+--------+

Top non-repeatable levels by time:
     D:5: 1550 daAuts
     D:3: 1222 daAuts
     D:1: 855 daAuts
     D:2: 850 daAuts
     D:4: 744 daAuts
     D:6: 384 daAuts
